 Dungeon Sprint DCSS version 0.18.1-50-g88ac8fd (webtiles) character file.

476 Kagutsuchi the Fighter (level 6, -4/66 HPs)
             Began as a Draconian Berserker on Oct 20, 2016.
             Was a Follower of Trog.
             Slain by a siren
             ... wielding a +0 spear
              (9 damage)
             ... in the Dungeon (Sprint II: "The Violet Keep of Menkaure").
             The game lasted 00:04:36 (146 turns).

Kagutsuchi the Fighter (Draconian Berserker)         Turns: 146, Time: 00:04:36

Health: -4/66      AC:  6    Str: 20    XL:     6   Next: 85%
Magic:  6/6        EV: 16    Int:  7    God:    Trog [*.....]
Gold:   74         SH:  0    Dex: 12    Spells: 0 memorised, 5 levels left

rFire  . . .     SeeInvis .     a - +0 falchion
rCold  . . .     Gourm    .     (armour unavailable)
rNeg   . . .     Faith    .     (no shield)
rPois  .         Spirit   .     (helmet restricted)
rElec  .         Dismiss  .     (no cloak)
rCorr  .         Reflect  .     (no gloves)
SustAt .         Harm     .     (no boots)
MR     .....     NoTele   +     (no amulet)
Stlth  +.........               (no ring)
                                (no ring)

@: mesmerised, not resistant to hostile enchantments, very unstealthy
A: unfitting armour, cold-blooded, AC +6
a: Berserk, Burn Spellbooks, Renounce Religion


You were in the Dungeon.
You worshipped Trog.
Trog was aware of your devotion.
You were completely stuffed.

You visited 1 branch You collected 243 gold pieces.
You spent 169 gold pieces at shops.

Inventory:

Hand Weapons
 a - a +0 falchion (weapon)
Scrolls
 h - a scroll of blinking
Potions
 f - 2 potions of magic
 g - a potion of berserk rage


   Skills:
 + Level 9.8 Fighting
 + Level 9.2 Long Blades
 + Level 8.2 Dodging


You had 5 spell levels left.
You didn't know any spells.

Dungeon Overview and Level Annotations

Branches:
Dungeon (1/1)

Altars:

Shops:
D !?:?(=}%(:=}![[[

Annotations:
D exclusion: oklob plant


Innate Abilities, Weirdness & Mutations

Your plain brown scales are hard (AC +6).
Your body does not fit into most forms of armour.
You are cold-blooded and may be slowed by cold attacks.


Message History

The siren chants its luring song.
Okay, then.
Eat which item? (? for menu, Esc to quit)
The siren misses you.
You continue eating.
The siren chants its luring song.
You continue eating.
The siren hits you with a spear!
* * * LOW HITPOINT WARNING * * *
You finish eating.
That meat ration really hit the spot!
You hit the siren.
Your tail-slap misses the siren.
The siren is heavily wounded.
The siren hits you with a spear!
* * * LOW HITPOINT WARNING * * *
You slash the siren!
The siren is severely wounded.
You hit the siren.
Your tail-slap misses the siren.
The siren is severely wounded.
The siren hits you with a spear!
You die...

#....⌠...#≈≈≈≈#
#...∩.∩..#≈≈≈≈#
#..∩.∩.∩.#≈≈###
#.∩.∩.∩.∩#≈##.###+#
#∩.∩...∩.#≈#...##.##
#.∩.....∩'≈'##††.<.+
#∩.......#≈#...##.##
▓▓▓▓▓▓▓###≈##.###'##
#(hh######≈≈####@m.#
#?h$#G ##≈≈≈#..#..#
#∩P!+. +#≈##...##
#[$. ≈≈##+## #(.? ≈≈


You could see a siren.

Vanquished Creatures
  Menkaure (D)
  4 necrophages (D)
5 creatures vanquished.

Vanquished Creatures (others)
  A crocodile (D)
1 creature vanquished.

Grand Total: 6 creatures vanquished

Notes
Turn   | Place    | Note
--------------------------------------------------------------
     0 | D        | Kagutsuchi the Draconian Berserker began the quest for the Orb.
     0 | D        | Reached XP level 1. HP: 19/19 MP: 1/1
     1 | D        | Noticed a necrophage
     1 | D        | Noticed a necrophage
     1 | D        | Noticed a necrophage
     1 | D        | Noticed a necrophage
    11 | D        | Killed a necrophage
    11 | D        | Reached skill level 5 in Long Blades
    11 | D        | Reached skill level 5 in Dodging
    11 | D        | Reached XP level 2. HP: 29/29 MP: 2/2
    11 | D        | Reached XP level 3. HP: 36/36 MP: 3/3
    11 | D        | Reached XP level 4. HP: 43/43 MP: 4/4
    14 | D        | Killed a necrophage
    14 | D        | Reached XP level 5. HP: 51/51 MP: 5/5
    20 | D        | Killed a necrophage
    20 | D        | Reached XP level 6. HP: 60/60 MP: 6/6
    59 | D        | Found Nosav's Antique Armour Shoppe.
    59 | D        | Found Ziarryob's Antique Armour Shoppe.
    59 | D        | Found Ehitt's Gadget Emporium.
    59 | D        | Found Rateumiq's Distillery.
    59 | D        | Found Numot's Book Shoppe.
    59 | D        | Found Archofruc's Jewellery Shoppe.
    62 | D        | Found Taaw's Antique Weapon Shoppe.
    62 | D        | Found Ganeest's Food Emporium.
    63 | D        | Found Nofenyus's Gadget Shoppe.
    63 | D        | Found Paeqacha's Jewellery Emporium.
    64 | D        | Found Kaodum's Antique Armour Emporium.
    65 | D        | Found Usmitocw's Antique Weapon Shoppe.
    65 | D        | Found Buhaox's Magic Scroll Emporium.
    65 | D        | Noticed Menkaure
    65 | D        | Noticed an oklob plant
    66 | D        | Found Sasigub's Magic Scroll Shoppe.
    66 | D        | Found Plog's Distillery.
    66 | D        | Found Sanutuak's Book Shoppe.
    79 | D        | Bought a meat ration for 70 gold pieces
    79 | D        | Bought a beef jerky for 21 gold pieces
    81 | D        | Noticed a great orb of eyes
    91 | D        | Killed Menkaure
   108 | D        | Bought 2 potions of curing for 78 gold pieces
   127 | D        | Noticed a siren
   146 | D        | Slain by a siren

Skill      XL: |  1  2  3  4  5  6 |
---------------+-------------------+-----
Fighting       | 6 7 8 9 |  9.8
Long Blades    | 5 7 9 |  9.2
Dodging        | 5 6 7 8 |  8.2

Action                   |  1- 3 |  4- 6 || total
-------------------------+-------+-------++-------
Melee: Falchion          |     9 |    36 ||    45
       Tailslap          |     1 |     5 ||     6
Invok: Berserk           |     1 |       ||     1
  Use: Potion            |       |     5 ||     5
  Eat: Meat ration       |       |     1 ||     1
       Bread ration      |       |     1 ||     1
       Beef jerky        |       |     1 ||     1
Armor: Skin              |     1 |     4 ||     5
Dodge: Dodged            |     3 |    15 ||    18
